 Dungeon Crawl Stone Soup version 0.28-a0-664-gc179e30c89 (webtiles) character file.

Game seed: 1978330953760720854

380 Johnny the Slasher (level 7, -7/54 HPs)
             Began as a Human Berserker on Oct 16, 2021.
             Was a Believer of Trog.
             Mangled by Duvessa (11 damage)
             ... on level 4 of the Dungeon.
             The game lasted 00:02:41 (3906 turns).

Johnny the Slasher (Human Berserker)                Turns: 3906, Time: 00:02:42

Health: -7/54      AC:  3    Str: 19    XL:     7   Next: 5%
Magic:  7/7        EV: 13    Int:  7    God:    Trog [**....]
Gold:   103        SH:  0    Dex: 13    Spells: 6/6 levels left

rFire   . . .      SeeInvis .   a - +0 falchion
rCold   . . .      Faith    .   (no shield)
rNeg    . . .      Spirit   .   b - +0 animal skin
rPois   .          Reflect  .   (no helmet)
rElec   .          Harm     .   g - +0 cloak
rCorr   .          Rampage  .   (no gloves)
Will    ++...                   (no boots)
Stlth   +.........              (no amulet)
HPRegen 1.18/turn               (no ring)
MPRegen 0.10/turn               (no ring)

@: strong-willed, on berserk cooldown, flying, regenerating, slowed, very slow
A: no striking features
a: Renounce Religion, Berserk, Trog's Hand


You were on level 4 of the Dungeon.
You worshipped Trog.
Trog was pleased with you.
You visited 1 branch of the dungeon, and saw 4 of its levels.

You collected 103 gold pieces.

Inventory:

Hand Weapons
 a - a +0 falchion (weapon)
Armour
 b - a +0 animal skin (worn)
 g - a +0 cloak (worn)
Wands
 p - a wand of digging (5)
Scrolls
 c - 2 scrolls of identify {unknown}
 f - a scroll of enchant weapon {unknown}
 h - 3 scrolls of immolation {unknown}
 j - a scroll of acquirement {unknown}
 l - a scroll of teleportation {unknown}
 m - 2 scrolls of amnesia {unknown}
 o - 2 scrolls of brand weapon {unknown}
 q - a scroll of holy word {unknown}
Potions
 d - a potion of lignification {unknown}
 e - a potion of flight
 i - 2 potions of mutation {unknown}
 k - a potion of might
 n - a potion of degeneration {unknown}


   Skills:
 + Level 4.2 Fighting
 * Level 5.2 Long Blades
 + Level 3.4 Armour
 + Level 3.5 Dodging


You had 6 spell levels left.
You didn't know any spells.
Your spell library was empty.

Dungeon Overview and Level Annotations

Branches:
Dungeon (4/15)
 Temple: D:4-7

Altars:
Cheibriados

Shops:
D:1 *(

Annotations:
D:4 Duvessa


Message History

You hit Duvessa.
Duvessa is lightly wounded.
Duvessa hits you with a +0 rapier of holy wrath!!
You are too injured to fight recklessly!
You are too injured to fight recklessly!
You are too injured to fight recklessly!
You are too injured to fight recklessly!
You are too injured to fight recklessly!
You are too injured to fight recklessly!
You are too injured to fight recklessly!
You are too injured to fight recklessly!
You are too injured to fight recklessly!
You are too injured to fight recklessly!
You are too injured to fight recklessly!
You are too injured to fight recklessly!
You are too injured to fight recklessly!
You hit Duvessa.
Duvessa is lightly wounded.
Duvessa hits you with a +0 rapier of holy wrath!
* * * LOW HITPOINT WARNING * * *
You hit Duvessa.
Duvessa is moderately wounded.
Duvessa hits you with a +0 rapier of holy wrath!
* * * LOW HITPOINT WARNING * * *
You barely miss Duvessa.
Duvessa is moderately wounded.
Duvessa hits you with a +0 rapier of holy wrath!
* * * LOW HITPOINT WARNING * * *
Things that are here:
a +0 dagger; a +0 robe You feel a strong urge to attack something.
You are no longer berserk.
You are exhausted.
You feel yourself slow down.
There is a stone staircase leading up here.
It was a potion of flight.
You feel very buoyant.
You fly up into the air.
Duvessa misses you.
Duvessa hits you with a +0 rapier of holy wrath!
You die...

# .. #.# #..###########
########## #...†).......#
##........#
#..######.^..#####...#####.#
#.# #...#........#.### #.#
.. #.#..........#...# #.# #
#.##.#....@.####.# #.#
#.##.#....e..#...# #.#
#######.##.........#..## #.#
........#######..#....####.#
###..............####....#.#
#..##...######.# ####.#.#
#..#.###.#####.#######.#.#
###..#.#.>.............#.#.#
...........#####.#####.#...#


You could see Duvessa (berserk).

Vanquished Creatures
  A scorpion (D:2)
  Dowan (D:4)
  Jessica (D:2)
  2 iguanas (D:4)
  Ijyb (D:4)
  2 orc wizards (D:3)
  A gnoll (D:1)
  5 adders
  A worm (D:4)
  A dart slug (D:1)
  An orc (D:3)
  5 endoplasms
  6 giant cockroaches
  7 goblins
  4 hobgoblins
  5 quokkas
  4 ball pythons
  2 bats (D:3)
  2 frilled lizards
  6 kobolds
  9 rats
67 creatures vanquished.

Notes
Turn   | Place    | Note
-------+----------+-------------------------------------------
     0 | D:1      | Johnny the Human Berserker began the quest for the Orb.
     0 | D:1      | Reached XP level 1. HP: 18/18 MP: 1/1
    23 | D:1      | Found Rejygaoc's Assorted Antiques.
    34 | D:1      | Reached XP level 2. HP: 22/24 MP: 2/2
   653 | D:1      | Found Pigugit's Antique Weapon Shop.
   709 | D:1      | Reached XP level 3. HP: 29/29 MP: 3/3
   867 | D:2      | Noticed a scorpion
   874 | D:2      | Killed a scorpion
   875 | D:2      | Reached skill level 4 in Long Blades
   875 | D:2      | Reached XP level 4. HP: 10/35 MP: 4/4
  1217 | D:2      | Found a faded altar of an unknown god.
  1231 | D:2      | Reached XP level 5. HP: 15/41 MP: 5/5
  1646 | D:2      | Noticed Jessica
  1659 | D:2      | Killed Jessica
  1659 | D:2      | Reached ** piety under Trog
  2860 | D:3      | Reached XP level 6. HP: 48/48 MP: 6/6
  2884 | D:3      | Found a snail-covered altar of Cheibriados.
  3446 | D:4      | Reached skill level 5 in Long Blades
  3590 | D:4      | Noticed Dowan
  3592 | D:4      | Noticed Ijyb
  3610 | D:4      | Killed Ijyb
  3741 | D:4      | Killed Dowan
  3742 | D:4      | Reached XP level 7. HP: 42/54 MP: 7/7
  3892 | D:4      | Noticed Duvessa
  3903 | D:4      | HP: 1/81 [Duvessa (8)]
  3906 | D:4      | Mangled by Duvessa

Illustrated notes

Levels and vault maps discovered:
D:1:      ncdulo_smallfort, layout_rooms, serial_shops, shop, shop
D:2:      layout_loops_ring, shapermc_ecumenical_altar_pompeii, uniq_jessica
D:3:      layout_rooms, mainiacjoe_overflow_brackets
D:4:      layout_loops_ring, kennysheep_mini_moat, nicolae_uskayaw_dance_hall,
          mainiacjoe_overflow_catwalk, mainiacjoe_overflow_surrounded_room,
          minmay_misc_feat_alley, uniq_robin, uniq_duvessa, uniq_ijyb

Skill      XL: |  1  2  3  4  5  6 |
---------------+-------------------+-----
Long Blades    | 4 5 |  5.2
Dodging        | 3 |  3.5
Armour         | 3 |  3.4
Fighting       | 4 |  4.2

Action                   |  1- 3 |  4- 6 |  7- 9 || total
-------------------------+-------+-------+-------++-------
Melee: Falchion          |    39 |   237 |    11 ||   287
Invok: Berserk           |     2 |     8 |     1 ||    11
       Trog's Hand       |       |     2 |     1 ||     3
  Use: Potion            |       |       |     1 ||     1
 Stab: Sleeping          |     3 |       |       ||     3
Armor: Animal skin       |     5 |    59 |     1 ||    65
Dodge: Dodged            |    17 |   161 |     2 ||   180

Table legend: (Time is in decaauts)
 A = Elapsed time spent in this place.
 B = Non-inter-level travel time spent in this place.
 C = Inter-level travel time spent in this place.
 D = Time resting spent in this place.
 E = Time spent auto-exploring this place.
 F = Levels seen in this place.
 G = Mean time per level.
                   A        B        C        D        E       F      G
               +--------+--------+--------+--------+--------+-----+--------+
         Total |   4018 |   3979 |     39 |    895 |   2483 |   4 | 1004.5 |
       Dungeon |   4018 |   3979 |     39 |    895 |   2483 |   4 | 1004.5 |
               +--------+--------+--------+--------+--------+-----+--------+

Top non-repeatable levels by time:
     D:2: 1424 daAuts
     D:3: 1192 daAuts
     D:1: 754 daAuts
     D:4: 647 daAuts
